 Dungeon Crawl Stone Soup version 0.31.0-32-g396128a36d (webtiles) character file.

Game seed: 13803310467816946423

828 foxglove the Magician (level 7, -1/100 HPs)
             Began as an Oni Hedge Wizard on Mar 30, 2024.
             Was a Believer of Uskayaw.
             Slain by a phantom (7 damage)
             ... on level 5 of the Dungeon on Apr 2, 2024.
             The game lasted 00:46:42 (6177 turns).

foxglove the Magician (Oni Hedge Wizard)            Turns: 6177, Time: 00:46:42

Health: -1/100     AC:  3    Str: 13 (15) XL:     7   Next: 97%
Magic:  10/17      EV:  9    Int: 18 (21) God:    Uskayaw [**....]
Gold:   223        SH:  0    Dex:  5 (8)  Spells: 4/19 levels left

rFire   . . .        z - +1 hand axe "Loem Pus" {drain, Int+4}
rCold   . . .        (no shield)
rNeg    . . .        b - +0 robe
rPois   .            c - +0 hat
rElec   .            (no cloak)
rCorr   .            (gloves unavailable)
SInv    .            (boots unavailable)
Will    .....        (no amulet) Stlth
                     (no ring)
HPRegen 0.36/turn    (no ring)
MPRegen 0.15/turn

%: no passive effects
@: mighty, berserking, very quick
A: large, unfitting armour, horns 1, tough skin 1, double potion healing,
drunken brawling
a: Renounce Religion, Stomp, Line Pass


You were on level 5 of the Dungeon.
You worshipped Uskayaw.
Uskayaw was noncommittal.
You visited 1 branch of the dungeon, and saw 5 of its levels.

You collected 223 gold pieces.

Inventory:

Hand Weapons
 a - a +0 dagger
 e - a +2 dagger of electrocution
 z - the +1 hand axe "Loem Pus" (weapon) {drain, Int+4}
   (You took it off an orc priest on level 4 of the Dungeon)

   Int+4:     It affects your intelligence (+4).
Missiles
 o - 11 poisoned darts
Armour
 b - a +0 robe (worn)
 c - a +0 hat (worn)
 t - the +1 pair of boots of the Farmer {Dex+3 SInv}
   (You found it on level 3 of the Dungeon)

   Dex+3:     It affects your dexterity (+3).
   SInv:      It lets you see invisible.
Magical Staves
 w - a staff of conjuration
 B - a staff of alchemy
Jewellery
 y - a ring of positive energy
Scrolls
 h - 3 scrolls of fear {unknown}
 i - 5 scrolls of teleportation {unknown}
 j - 3 scrolls of identify {unknown}
 k - a scroll of vulnerability {unknown}
 n - a scroll of immolation {unknown}
 r - a scroll of poison {unknown}
 s - a scroll of enchant weapon {unknown}
 v - a scroll of noise {unknown}
 x - 2 scrolls of revelation {unknown}
 A - a scroll of amnesia {unknown}
Potions
 d - a potion of magic
 f - a potion of enlightenment {unknown}
 g - a potion of berserk rage
 l - 2 potions of curing
 m - a potion of haste {unknown}
 p - 2 potions of might
 q - a potion of lignification {unknown}
 u - 2 potions of degeneration


   Skills:
 + Level 3.2 Fighting
 + Level 1.3 Short Blades
 + Level 1.0 Axes
 + Level 3.1 Dodging
 + Level 2.4 Stealth
 + Level 6.8 Spellcasting
 + Level 3.4 Conjurations
 + Level 1.7 Summonings
 + Level 0.8 Translocations


You had 4 spell levels left.
You knew the following spells:

 Your Spells              Type           Power      Damage    Failure   Level
a - Magic Dart            Conj           72%        1d6       2%          1
b - Call Imp              Summ           24%        N/A       9%          2
c - Searing Ray           Conj           36%        2d5       4%          2
d - Mephitic Cloud        Conj/Alch/Air  10%        N/A       21%         3
e - Cigotuvi's Dreadful   Necr/Alch/Air  12%        N/A       17%         2
f - Hailstorm             Conj/Ice       12%        3d6       16%         3
g - Momentum Strike       Conj/Tloc      26%        3d8       7%          2

Your spell library contained the following spells:

 Spells                   Type           Power      Damage    Failure   Level
 Slow                     Hex            24%        N/A       11%         1
 Blink                    Tloc           18%        N/A       12%         2
 Lesser Beckoning         Tloc           18%        N/A       12%         2
 Summon Ice Beast         Ice/Summ       9%         N/A       22%         3
 Fulminant Prism          Conj/Alch      6%         3d7       47%         4
 Sculpt Simulacrum        Ice/Alch       3%         N/A       100%        6


Dungeon Overview and Level Annotations

Branches:
Dungeon (5/15)             Temple (0/1) D:5

Altars:
Dithmenos
Uskayaw
Zin

Shops:
D:3 !

Annotations:
D:5 Blork the orc


Innate Abilities, Weirdness & Mutations

You are too large for most types of armour.
You have a pair of small horns on your head.
You have tough skin. (AC +1)
You gain doubled healing and magic from potions.
Whenever you drink a healing potion, you attack all around you.


Message History

Blork the orc seems to speed up.
Uskayaw will force your foes to helplessly watch your dance.
Uskayaw prepares the audience for your solo!
Blork the orc is no longer paralysed.
The phantom is no longer paralysed.
The jelly is no longer paralysed.
Blork the orc closely misses you.
Your cerulean imp hits the jelly from afar with a -3 spear.
The phantom hits you.
The jelly jiggles.
You hit the phantom but do no damage.
The phantom is almost destroyed.
Blork the orc hits you from afar with a +0 trident!
Blork the orc casts a spell at you. The magic dart hits you.
* * * LOW HITPOINT WARNING * * *
Your cerulean imp hits the jelly from afar with a -3 spear.
The jelly dies!
The phantom completely misses you.
Your Axes skill increases to level 1!
It was a potion of might.
You feel very mighty all of a sudden.
Blork the orc hits you from afar with a +0 trident.
* * * LOW HITPOINT WARNING * * *
The phantom hits you.
* * * LOW HITPOINT WARNING * * *
The phantom blinks!
You blink.
It was a potion of degeneration.
There was something very wrong with that liquid.
You feel weakened.
You feel dopey.
You feel clumsy.
The sentinel's mark upon you fades away.
Blork the orc miscasts a cantrip.
The phantom hits you but does no damage.
It was a potion of berserk rage.
A red film seems to cover your vision as you go berserk!
You feel yourself moving faster!
You feel mighty!
Your cerulean imp closely misses the phantom.
Blork the orc hits you from afar with a +0 trident!
* * * LOW HITPOINT WARNING * * *
An orc comes into view. It is wielding a +0 trident.
The phantom hits you!
You die...

### #.# ######.##
##########.......#
#..>..|..#.....W.#
#.######.#...5.@.##.#
#. #####.#.......o.#
#. #......$......##.#
#. #.###o#........#
.. #.##.#
#.#.......## #
#....###.######.##
#........# #.#
###.####### #.#
........# #+


You could see Blork the orc (fast), a phantom (ally target), an orc and a
friendly cerulean imp (summoned).

Vanquished Creatures
  Grinder (D:4)
  A black bear (D:4)
  A phantom (D:5)
  A scorpion (D:5)
  2 bombardier beetles (D:4)
  2 orc priests (D:4)
  4 orc wizards
  2 adders (D:3)
  2 dart slugs
  2 ribbon worms
  12 orcs
  6 ball pythons
  6 endoplasms
  4 giant cockroaches
  4 goblins
  6 hobgoblins
  16 jackals
  2 quokkas (D:5)
  A bat (D:3)
  2 frilled lizards
  9 kobolds
  6 rats
92 creatures vanquished.

Vanquished Creatures (collateral kills)
  A jelly (D:5)
  2 adders
  A jackal (D:4)
  A bat (D:3)
5 creatures vanquished.

Grand Total: 97 creatures vanquished

Notes
Turn   | Place    | Note
-------+----------+-------------------------------------------
     0 | D:1      | foxglove the Oni Hedge Wizard began the quest for the Orb.
     0 | D:1      | Reached XP level 1. HP: 16/16 MP: 5/5
   210 | D:1      | Reached XP level 2. HP: 22/24 MP: 3/6
   214 | D:1      | Reached skill level 4 in Spellcasting
   422 | D:1      | Reached skill level 1 in Conjurations
  1010 | D:2      | Reached XP level 3. HP: 22/32 MP: 4/8
  1108 | D:2      | Learned a level 2 spell: Call Imp
  1191 | D:2      | Found a faded altar of an unknown god.
  1303 | D:2      | Prayed at the altar of an unknown god.
  1303 | D:2      | Became a worshipper of Uskayaw the Reveller
  1303 | D:2      | Reached * piety under Uskayaw
  1638 | D:2      | Reached ** piety under Uskayaw
  1976 | D:2      | Reached skill level 1 in Summonings
  2356 | D:3      | Found Izephaitaa's Distillery.
  2395 | D:3      | Reached skill level 1 in Fighting
  2445 | D:3      | Identified the +1 pair of boots of the Farmer {Dex+3 SInv}
  2507 | D:3      | Reached XP level 4. HP: 41/41 MP: 7/10
  2913 | D:3      | Learned a level 2 spell: Searing Ray
  3131 | D:3      | Reached *** piety under Uskayaw
  3132 | D:3      | Reached **** piety under Uskayaw
  3135 | D:3      | Reached skill level 5 in Spellcasting
  3135 | D:3      | Reached XP level 5. HP: 38/48 MP: 5/12
  3663 | D:4      | Noticed a black bear
  3678 | D:4      | Killed a black bear
  3679 | D:4      | Reached skill level 1 in Short Blades
  3679 | D:4      | Reached XP level 6. HP: 50/57 MP: 2/14
  4580 | D:4      | Noticed Grinder
  4612 | D:4      | Killed Grinder
  4613 | D:4      | Reached skill level 6 in Spellcasting
  4613 | D:4      | Reached XP level 7. HP: 38/66 MP: 1/16
  5012 | D:4      | Identified the +1 hand axe "Loem Pus" {drain, Int+4}
  5039 | D:4      | Learned a level 3 spell: Mephitic Cloud
  5042 | D:4      | Learned a level 2 spell: Cigotuvi's Dreadful Rot
  5273 | D:4      | Found a glowing silver altar of Zin.
  5353 | D:4      | Learned a level 3 spell: Hailstorm
  5356 | D:4      | Learned a level 2 spell: Momentum Strike
  5637 | D:5      | Entered Level 5 of the Dungeon
  5637 | D:5      | Found a staircase to the Ecumenical Temple.
  5901 | D:5      | Found a shadowy altar of Dithmenos.
  6172 | D:5      | Noticed Blork the orc
  6175 | D:5      | Reached skill level 1 in Axes
  6177 | D:5      | Slain by a phantom

Illustrated notes

Levels and vault maps discovered:
D:1:      pf_arrival_petrified_forest, layout_basic
D:2:      layout_loops_ring, shapermc_ecumenical_altar_gd,
          minmay_misc_feat_doors
D:3:      layout_basic, serial_shops, nicolae_shop_real_fake_doors
D:4:      layout_basic, zin_treasury, nicolae_the_louvre, uniq_grinder
D:5:      layout_loops_corners, nicolae_dithmenos_through_a_glass_darkly,
          minmay_temple_entry_trees, ebering_ghost_disaster_area,
          uniq_blork_the_orc

Skill      XL: |  1  2  3  4  5  6  7 |
---------------+----------------------+-----
Spellcasting   | 4 5 6 |  6.8
Dodging        | 2 3 |  3.1
Conjurations   | 1 2 3 |  3.4
Summonings     | 1 |  1.7
Fighting       | 1 2 3 |  3.2
Short Blades   | 1 |  1.3
Stealth        | 2 |  2.4
Axes           | 1 |  1.0
Translocations | |  0.8

Action                     |  1- 3 |  4- 6 |  7- 9 || total
---------------------------+-------+-------+-------++-------
  Melee: Dagger            |    86 |    48 |     7 ||   141
         Headbutt          |    19 |     5 |     7 ||    31
         Hand axe          |       |       |    26 ||    26
   Cast: Magic Dart        |    64 |    44 |    16 ||   124
         Call Imp          |     3 |     6 |     2 ||    11
         Searing Ray       |       |    13 |    10 ||    23
    Use: Potion            |       |     1 |     3 ||     4
   Stab: Paralysed         |       |     2 |       ||     2
 Armour: Robe              |    79 |    59 |    45 ||   183
  Dodge: Dodged            |    40 |    22 |    19 ||    81
